AoeStats
← VeteRocha

Arena

509709707Analyzed
4v4 RM · 5d ago on Sep 27, 2026· 66m 9s· 8 players
Game mode
Random Map
Map size
Large (8 player)
Population
200
Speed
Normal
Resources
Standard
Victory
Conquest
Starting age
Dark Age
Ending age
Imperial Age
RankedLock teamsTeams togetherTeam positionsShared explorationLock speedFull tech treeHidden civsTurbo modeCheats
Victory
Defeat
🇹🇷 Slavs · Türkiye
1167
+13
🇬🇧 Chinese · United Kingdom
1066
+17
🇸🇪 Vikings · Sweden
1024
+18
🇨🇦 Ethiopians · Canada
967
+21
🇳🇴 Poles · Norway
1140
-20
🇮🇳 Britons · India
1080
-17
🇦🇷 Burmese · Argentina
1068
-17
🇮🇳 Turks · India
1033
-15
Smet
10:03 Feudal Age
14:16 Castle Age
12:49 Loom
12:57 Double-Bit Axe
18:03 Bow Saw
17:39 Horse Collar
20:42 Heavy Plow
22:52 Fletching
23:18 Padded Archer Armor
23:22 Gold Mining
23:26 Stone Mining
26:42 Bodkin Arrow
27:02 Leather Archer Armor
30:47 Imperial Age
28:03 Town Watch
29:56 Gold Shaft Mining
31:36 Ballistics
31:27 Masonry
30:51 Elite Skirmisher
30:51 Crossbowman
32:03 Conscription
32:03 Bracer
32:33 Ring Archer Armor
33:16 Chemistry
32:22 Siege Engineers
32:27 Arbalester
34:14 Architecture
35:30 Bogsveigar
35:59 Squires
35:45 Arson
43:36 Forging
43:28 Scale Mail Armor
46:51 Pikeman
58:47 Two-Man Saw
59:47 Crop Rotation
62:26 Caravan
LordWhile
2:54 Loom
12:47 Feudal Age
17:32 Castle Age
15:31 Double-Bit Axe
15:38 Gold Mining
15:33 Horse Collar
16:32 Stone Mining
18:58 Bow Saw
20:44 Wheelbarrow
31:52 Imperial Age
29:06 Crossbowman
30:16 Thumb Ring
31:20 Padded Archer Armor
31:11 Fletching
31:27 Husbandry
32:57 Arbalester
33:05 Capped Ram
34:09 Conscription
35:14 Two-Man Saw
34:15 Heavy Camel Rider
37:49 Siege Ram
38:35 Squires
39:55 Ballistics
40:56 Bodkin Arrow
41:17 Leather Archer Armor
41:07 Scale Barding Armor
41:26 Halberdier
47:28 Heated Shot
48:38 Chemistry
48:13 Ring Archer Armor
47:43 Bracer
48:04 Chain Barding Armor
47:44 Scale Mail Armor
47:55 Forging
47:48 Caravan
50:28 Royal Heirs
55:21 Siege Engineers
55:27 Masonry
56:52 Chain Mail Armor
57:13 Iron Casting
62:53 Plate Mail Armor
63:23 Blast Furnace
Can
11:36 Feudal Age
13:42 Loom
15:59 Castle Age
14:13 Double-Bit Axe
14:11 Horse Collar
17:31 Bow Saw
17:35 Heavy Plow
22:46 Wheelbarrow
24:21 Hand Cart
29:20 Imperial Age
27:57 Bloodlines
27:47 Husbandry
28:34 Scale Barding Armor
28:20 Pikeman
29:00 Squires
30:33 Conscription
31:29 Two-Man Saw
30:38 Halberdier
31:56 Elite Boyar
33:09 Forging
33:05 Town Watch
34:59 Druzhina
37:07 Iron Casting
36:53 Chain Barding Armor
37:28 Crop Rotation
37:25 Elite Skirmisher
37:44 Cavalier
39:26 Blast Furnace
38:30 Fletching
38:41 Scale Mail Armor
38:04 Man-at-Arms
38:56 Padded Archer Armor
40:35 Chemistry
40:57 Ballistics
41:31 Light Cavalry
43:21 Caravan
43:51 Coinage
44:20 Long Swordsman
44:24 Hussar
48:13 Plate Barding Armor
47:06 Two-Handed Swordsman
49:46 Banking
50:59 Chain Mail Armor
57:18 Bodkin Arrow
57:38 Leather Archer Armor
58:21 Champion
59:48 Ring Archer Armor
59:51 Plate Mail Armor
60:13 Masonry
59:58 Murder Holes
60:29 Fortified Wall
60:03 Champion
64:30 Siege Engineers
66:34 Detinets
66:07 Sappers
67:13 Hoardings
123Seabass
0:52 Loom
10:07 Feudal Age
12:15 Double-Bit Axe
18:05 Castle Age
16:09 Horse Collar
16:53 Fletching
17:38 Gold Mining
17:43 Stone Mining
26:14 Crossbowman
27:01 Thumb Ring
30:38 Imperial Age
29:18 Padded Archer Armor
31:19 Heavy Plow
32:42 Gold Shaft Mining
32:42 Stone Shaft Mining
32:15 Squires
33:23 Ballistics
34:17 Bow Saw
34:58 Wheelbarrow
35:55 Conscription
35:44 Bodkin Arrow
37:28 Hand Cart
36:59 Town Watch
39:03 Chemistry
38:14 Masonry
38:00 Murder Holes
38:20 Town Patrol
38:23 Arson
39:09 Elite Fire Lancer
39:14 Pikeman
41:10 Forging
41:01 Bracer
41:05 Scale Mail Armor
40:43 Heavy Rocket Cart
41:04 Arbalester
45:02 Iron Casting
44:43 Chain Mail Armor
46:19 Capped Ram
48:02 Architecture
47:43 Fortified Wall
49:26 Blast Furnace
48:57 Plate Mail Armor
48:42 Leather Archer Armor
50:30 Scale Barding Armor
51:31 Rocketry
51:22 Caravan
51:30 Halberdier
52:15 Great Wall
51:55 Siege Ram
61:56 Ring Archer Armor
64:36 Two-Man Saw
torpedojens
11:58 Feudal Age
12:53 Horse Collar
16:12 Castle Age
14:26 Double-Bit Axe
18:32 Heavy Plow
19:35 Gold Mining
19:35 Stone Mining
20:04 Bow Saw
20:28 Loom
28:03 Szlachta Privileges
28:49 Wheelbarrow
28:00 Town Watch
31:44 Imperial Age
29:40 Bloodlines
29:38 Husbandry
29:53 Scale Barding Armor
29:42 Fletching
30:04 Stone Mining
31:02 Chain Barding Armor
30:54 Forging
30:45 Padded Archer Armor
30:31 Light Cavalry
31:53 Hand Cart
31:51 Bodkin Arrow
31:57 Scale Mail Armor
32:53 Stone Shaft Mining
31:50 Cavalier
33:37 Conscription
32:49 Sappers
33:55 Hoardings
34:15 Iron Casting
34:52 Crop Rotation
36:57 Chemistry
36:19 Ballistics
36:54 Winged Hussar
38:33 Herbal Medicine
38:40 Devotion
39:00 Siege Engineers
39:06 Masonry
38:37 Treadmill Crane
40:24 Lechitic Legacy
41:23 Blast Furnace
47:43 Thumb Ring
46:59 Crossbowman
abhishekchopra.ubs
10:46 Feudal Age
14:31 Castle Age
13:08 Double-Bit Axe
13:04 Horse Collar
16:38 Bow Saw
16:40 Heavy Plow
21:01 Wheelbarrow
23:30 Hand Cart
29:22 Imperial Age
27:04 Gold Mining
27:06 Stone Mining
27:24 Scale Barding Armor
27:30 Forging
28:54 Chain Barding Armor
29:53 Iron Casting
29:06 Loom
30:12 Gold Shaft Mining
31:21 Bloodlines
31:12 Husbandry
32:17 Ballistics
32:10 Town Watch
33:14 Plate Barding Armor
33:40 Blast Furnace
36:37 Fletching
36:48 Padded Archer Armor
36:49 Scale Mail Armor
37:31 Heavy Camel Rider
49:14 Bodkin Arrow
49:35 Leather Archer Armor
49:36 Chain Mail Armor
52:10 Murder Holes
jay_jadon
11:21 Feudal Age
15:56 Castle Age
14:28 Double-Bit Axe
15:26 Horse Collar
28:02 Fletching
28:13 Padded Archer Armor
31:30 Imperial Age
28:51 Loom
29:19 Bow Saw
28:40 Crossbowman
33:00 Wheelbarrow
35:59 Ballistics
36:00 Arbalester
38:08 Yeomen
39:09 Pikeman
39:49 Bodkin Arrow
40:34 Hand Cart
41:23 Forging
41:14 Scale Mail Armor
41:59 Bracer
41:53 Heated Shot
43:43 Gold Mining
43:43 Stone Mining
44:12 Leather Archer Armor
46:36 Halberdier
49:40 Two-Man Saw
50:21 Chain Mail Armor
50:41 Iron Casting
50:40 Ring Archer Armor
50:46 Iron Casting
50:26 Chain Mail Armor
51:15 Chemistry
50:27 Fortified Wall
55:10 Squires
56:56 Murder Holes
57:14 Masonry
61:30 Blast Furnace
61:00 Plate Mail Armor
62:53 Conscription
VeteRocha
7:42 Loom
7:53 Loom
10:25 Feudal Age
17:21 Castle Age
22:08 Stone Mining
27:26 Fletching
27:37 Padded Archer Armor
27:46 Scale Barding Armor
29:32 Bodkin Arrow
30:00 Chain Barding Armor
34:33 Imperial Age
33:24 Chain Barding Armor
34:01 Gold Mining
35:40 Bracer
38:59 Ballistics
41:00 Chemistry
41:45 Plate Barding Armor
Connection lost

Rejoining the realm…

Still unreachable

The connection could not be restored.

Session expired

The server has moved on; the page needs a fresh start.